cohdb
Replays
Latest Replays
All Replays
Popular Replays
Top Player Replays
Match Explorer
How It Works
Community
CoH3 Stats
Reddit
Sign in to upload your games and track your stats! →
Sign in with Steam
Match 28746754
Unlisted
Match 28746754
Overview
Messages
Build Orders
End
Construct Barracks
Riflemen Squad
Riflemen Squad
Riflemen Squad
Infantry Support Center
Selects Advanced Infantry Battlegroup
Selects Artillery Observers
Construct Medical Station
M1 Mortar Team
M1 Mortar Team
Captain Retinue
Construct Motor Pool
Selects Convert to Ranger Squad
M1918 Browning Automatic Rifles
M24 Chaffee Light Tank
Riflemen Squad
Selects Designate Assault Position
Selects Infantry Assault
M1 Anti-tank Gun Team
Selects Infantry Assault
Convert to Ranger Squad
Grenade Package
Selects M2A1 105mm Howitzer Emplacement
Selects 155mm Rapid Artillery Barrage
M8 Greyhound Armored Car
Riflemen Squad
Wrathment
장민규
0
0
Comments
sign in to comment!
No comments posted yet!